 Dungeon Crawl Stone Soup version 0.29-a0-643-ga013cefcf8 (webtiles) character file.

Game seed: 7574405630494722374

1320 DocClef the Fighter (level 8, -1/84 HPs)
             Began as a Tengu Fighter on June 19, 2022.
             Was a Follower of Okawaru.
             Succumbed to an orc wizard's poison
             ... on level 7 of the Dungeon.
             The game lasted 00:07:04 (6595 turns).

DocClef the Fighter (Tengu Fighter)                 Turns: 6595, Time: 00:07:05

Health: -1/84      AC: 28    Str: 16 (17) XL:     8   Next: 59%
Magic:  9/9        EV:  2    Int:  6 (8)  God:    Okawaru [*.....]
Gold:   371        SH:  5    Dex: 15 (16) Spells: 7/7 levels left

rFire   + . .      SeeInvis .   y - +2 scimitar (protect)
rCold   + . .      Faith    .   c - +0 buckler
rNeg    . . .      Spirit   +   (body armour currently unavailable)
rPois   +          Reflect  .   (helmet currently unavailable)
rElec   +          Harm     .   (cloak currently unavailable)
rCorr   +          Rampage  .   (gloves currently unavailable)
Will    .....      NoTele   +   (boots unavailable)
Stlth   +.........              z - amulet of guardian spirit
HPRegen 0.24/turn               x - +4 ring of protection
MPRegen 0.11/turn               (no ring)

@: lethally poisoned (-1 -> -18), tree-form (expiring), resistant, attractive,
hasted, very quick
A: stationary, stasis, torment immunity, boosted hp, (beak), (talons 3), nimble
flight, wild magic 1, inability to read while threatened
a: Renounce Religion, Heroism


You were on level 7 of the Dungeon.
You worshipped Okawaru.
Okawaru was aware of your devotion.
You were a tree.
You visited 2 branches of the dungeon, and saw 8 of its levels.
You also visited: Sewer.

You collected 371 gold pieces.

Inventory:

Hand Weapons
 a - a +1 long sword of flaming
 y - a +2 scimitar of protection (weapon)
Armour
 b - a +0 scale mail (melded)
 c - a +0 buckler (worn)
 p - a +2 pair of gloves (melded)
 B - a +0 cloak (melded)
Jewellery
 x - a +4 ring of protection (left branch)
 z - an amulet of guardian spirit (around neck)
Wands
 s - a wand of flame (13)
Scrolls
 e - 2 scrolls of fog
 k - 4 scrolls of teleportation
 m - 2 scrolls of magic mapping
 o - 2 scrolls of identify
 r - a scroll of enchant armour
Potions
 d - 4 potions of might
 g - 2 potions of brilliance
 j - 3 potions of attraction
 l - a potion of degeneration
 t - 2 potions of mutation
 u - 3 potions of curing {unknown}
 v - 2 potions of berserk rage {unknown}
 w - 2 potions of ambrosia {unknown}
 A - a potion of cancellation {unknown}


   Skills:
 - Level 9.3 Fighting
 + Level 6.0 Long Blades
 - Level 3.2 Armour
 - Level 3.0 Shields


You had 7 spell levels left.
You didn't know any spells.
Your spell library contained the following spells:

 Spells                   Type           Power      Damage    Failure   Level
 Sandblast                Erth           0%         2d4       63%         1
 Slow                     Hex            0%         N/A       63%         1
 Sting                    Tmut/Pois      0%         1d3       63%         1
 Passwall                 Tmut/Erth      0%         N/A       77%         2
 Poisonous Vapours        Pois/Air       0%         N/A       77%         2
 Static Discharge         Conj/Air       0%         N/A       77%         2
 Confusing Touch          Hex            0%         N/A       93%         3
 Stone Arrow              Conj/Erth      0%         3d7       93%         3
 Vampiric Draining        Necr           0%         2d6       93%         3
 Corpse Rot               Necr/Pois/Air  0%         N/A       100%        4
 Dispel Undead            Necr           0%         3d6       100%        4
 Olgreb's Toxic Radiance  Pois           0%         N/A       100%        4
 Sticky Flame             Conj/Fire      0%         2d3       100%        4
 Storm Form               Tmut/Air       0%         N/A       100%        7
 Maxwell's Capacitive Co  Air            0%         ∞         100%        8
 Summon Lightning Spire   Summ/Air       Unusable   N/A       N/A         4

Dungeon Overview and Level Annotations

Branches:
Dungeon (7/15)             Temple (1/1) D:4           Sewer (visited)

Altars:
Ashenzari
Cheibriados
Dithmenos
Elyvilon
Fedhas
Gozag
Hepliaklqana
Kikubaaqudgha
Makhleb
Nemelex Xobeh
Okawaru
Qazlal
Ru
Sif Muna
Trog
Uskayaw
Vehumet
Wu Jian
Xom
Yredelemnul
Zin
The Shining One


Innate Abilities, Weirdness & Mutations

You are a tree.
Your roots penetrate the ground, keeping you stationary.
You cannot be teleported.
You are immune to unholy pain and torment.
Your maximum health is greatly increased.
Your equipment is partially melded.
((You have a beak for a mouth.))
((You have claws for feet.))
Your magical nature lets you fly swiftly and evasively.
Your spells are a little harder to cast, but a little more powerful.
You sometimes lose the ability to read scrolls when taking damage.


Message History

You swing at nothing.
You feel sick. Something hits you but does no damage.
You attack the rock wall.
You feel sick. Something hits you but does no damage.
You hear some strange, mumbled words.
A puff of flame appears from out of thin air!
The puff of flame hits you but does no damage.
You nearly hit yourself!
You feel sick. Something hits you but does no damage.
You are more poisoned.
You attack the rock wall.
You feel very sick.
You hear some strange, mumbled words.
A puff of flame appears from out of thin air!
The puff of flame hits you but does no damage.
You resist.
You swing at nothing.
You feel sick. Something hits you but does no damage.
You attack the rock wall.
You feel sick. Something hits you but does no damage.
You barely miss something.
You feel sick. Something hits you but does no damage.
It was a potion of attraction.
You feel attractive to monsters.
You feel less confused.
You feel sick.
You hear some strange, mumbled words.
Something tries to affect you, but you resist.
It was a potion of degeneration.
There was something very wrong with that liquid.
You feel weakened.
You feel dopey.
You feel clumsy.
Your transformation is almost over.
You feel sick. Something hits you but does no damage.
You are lethally poisoned!
It was a potion of flight.
Your roots keep you in place.
* * * LOW HITPOINT WARNING * * *
You feel very sick. You block something's attack.
It was a potion of haste.
You feel yourself speed up.
* * * LOW HITPOINT WARNING * * *
You feel sick. Something hits you but does no damage.
You are more poisoned.
It was a potion of mutation.
You feel extremely strange.
You lose the ability to read scrolls when threatened.
You feel less in control of your magic.
You die...

#.# #.#
#.........##
.... +..........
#... .........
##. ....... .
..... .o. #{#
#♣# #.# ##.##
##...## #.....#
##...##
.######.#######.
.........[......
.######.########


You could see an orc.

Vanquished Creatures
  Sigmund (D:3)
  2 water moccasins (D:7)
  2 ice beasts (D:6)
  A centaur (D:6)
  A phantom (D:4)
  A bullfrog (D:7)
  A scorpion (D:6)
  2 hounds (D:4)
  A jelly (D:7)
  A gnoll shaman (D:4)
  An iguana (D:6)
  2 orc wizards
  7 gnolls (D:4)
  11 adders
  3 river rats (Sewer)
  A worm (D:2)
  A dart slug (D:1)
  18 orcs
  5 bats
  4 endoplasms
  4 giant cockroaches
  6 goblins
  A hobgoblin (D:2)
  6 quokkas
  2 ball pythons
  7 frilled lizards
  5 kobolds
  18 rats
115 creatures vanquished.

Notes
Turn   | Place    | Note
-------+----------+-------------------------------------------
     0 | D:1      | DocClef the Tengu Fighter began the quest for the Orb.
     0 | D:1      | Reached XP level 1. HP: 14/14 MP: 2/2
   364 | D:1      | Reached XP level 2. HP: 18/19 MP: 3/3
   687 | D:1      | Found a faded altar of an unknown god.
   789 | D:1      | Reached skill level 4 in Fighting
   961 | D:2      | Reached XP level 3. HP: 13/24 MP: 4/4
  1298 | D:2      | HP: 1/24 [worm (2)]
  2112 | D:3      | Noticed Sigmund
  2172 | D:4      | Reached XP level 4. HP: 30/30 MP: 5/5
  2240 | D:5      | Entered Level 5 of the Dungeon
  2258 | D:4      | Reached skill level 5 in Fighting
  2511 | D:5      | Found a glowing drain.
  2515 | Sewer    | Entered a sewer
  2579 | Sewer    | Gained mutation: Your magical nature lets you fly swiftly
                  | and evasively. [Tengu growth]
  2579 | Sewer    | Reached XP level 5. HP: 21/35 MP: 6/6
  2829 | Sewer    | Reached skill level 6 in Fighting
  3662 | D:4      | Reached XP level 6. HP: 42/42 MP: 7/7
  3809 | D:4      | Reached skill level 7 in Fighting
  4062 | D:4      | Found a staircase to the Ecumenical Temple.
  4226 | Temple   | Entered the Ecumenical Temple
  4465 | Temple   | Became a worshipper of Warmaster Okawaru
  4791 | D:3      | Killed Sigmund
  4791 | D:3      | Reached * piety under Okawaru
  4792 | D:3      | Reached skill level 8 in Fighting
  4792 | D:3      | Reached XP level 7. HP: 49/49 MP: 8/8
  5261 | D:6      | Reached skill level 9 in Fighting
  5281 | D:6      | Reached XP level 8. HP: 37/56 MP: 9/9
  5682 | D:6      | Found a burning altar of Makhleb.
  5686 | D:6      | Found a hazy altar of Hepliaklqana.
  5691 | D:6      | Found a basalt altar of Yredelemnul.
  5750 | D:6      | Found a sparkling altar of Nemelex Xobeh.
  6135 | D:7      | Reached skill level 5 in Long Blades
  6571 | D:7      | HP: 2/56 [poisoned by an orc wizard]
  6593 | D:7      | HP: 3/84 [poisoned by an orc wizard]
  6595 | D:7      | Gained mutation: You sometimes lose the ability to read
                  | scrolls when taking damage. [potion of mutation]
  6595 | D:7      | Gained mutation: Your spells are a little harder to cast,
                  | but a little more powerful. [potion of mutation]
  6595 | D:7      | Succumbed to an orc wizard's poison

Illustrated notes

Levels and vault maps discovered:
D:1:      tarquinn_simple_flora_water_b, layout_basic,
          ebering_ecumenical_altar_abandoned
D:2:      layout_rooms, palyth_stone_intersect
D:3:      layout_basic, serial_curves, eino_curves_04, eino_curves_03,
          uniq_sigmund
D:4:      layout_rooms, minmay_temple_entry_statues_fountains,
          dk_rats_in_the_wall
D:5:      layout_rooms, gup_sewer_entry_bowl, grunt_decor_clamped,
          corexii_shack, minmay_holes
D:6:      layout_cave_pools, grunt_temple_overflow_diamond,
          kennysheep_little_box
D:7:      layout_loops_corners
Temple:   hc_temple_tempest_star

Skill      XL: |  1  2  3  4  5  6  7  8 |
---------------+-------------------------+-----
Fighting       | 4 5 6 8 9 |  9.3
Long Blades    | 6 |  6.0
Armour         | |  3.2
Shields        | |  3.0

Action                   |  1- 3 |  4- 6 |  7- 9 || total
-------------------------+-------+-------+-------++-------
Melee: Long sword        |    76 |    75 |       ||   151
       Kick              |    17 |    31 |    24 ||    72
       Peck              |     9 |    21 |    15 ||    45
       Scimitar          |       |    51 |    99 ||   150
  Use: Scroll            |       |    15 |     1 ||    16
       Potion            |       |       |     9 ||     9
Armor: Scale mail        |    27 |    69 |    83 ||   179
       Skin              |       |       |    14 ||    14
Dodge: Dodged            |    27 |    58 |    55 ||   140
Block: Buckler           |    20 |    21 |    30 ||    71

Table legend: (Time is in decaauts)
 A = Elapsed time spent in this place.
 B = Non-inter-level travel time spent in this place.
 C = Inter-level travel time spent in this place.
 D = Time resting spent in this place.
 E = Time spent auto-exploring this place.
 F = Levels seen in this place.
 G = Mean time per level.
                   A        B        C        D        E       F      G
               +--------+--------+--------+--------+--------+-----+--------+
         Total |   6420 |   6143 |    277 |    201 |   4964 |   9 |  713.3 |
       Dungeon |   5615 |   5382 |    233 |    201 |   4351 |   7 |  802.1 |
        Temple |    231 |    188 |     43 |      0 |    170 |   1 |  231.0 |
         Sewer |    574 |    574 |      0 |      0 |    442 |   1 |  574.0 |
               +--------+--------+--------+--------+--------+-----+--------+

Top non-repeatable levels by time:
     D:1: 955 daAuts
     D:5: 940 daAuts
     D:2: 908 daAuts
     D:3: 801 daAuts
     D:6: 794 daAuts
     D:7: 628 daAuts
     D:4: 586 daAuts
   Sewer: 574 daAuts
  Temple: 231 daAuts
